Workbook

Sheet SAISIE
A1: Date | B1: Section | C1: Désignation de l'opération | D1: Compte | E1: B / L | F1: Règlement | G1: Relevé Banque | H1: Montant | K1: b CIN | L1: l CIN
A2: 43710 | B2: Comité directeur | C2: Virt du Cpte Livret | D2: 580000 | E2: b CIN | F2: Virement | G2: 1909 | K2: =IF(SAISIE!$E2="b CIN",ROW(),"") -> 2 | L2: =IF(SAISIE!$E2="l CIN",ROW(),"")
A3: 43710 | B3: Comité directeur | C3: Virt au Cpte Courant | D3: 580000 | E3: l CIN | F3: Virement | G3: 1909 | K3: =IF(SAISIE!$E3="b CIN",ROW(),"") | L3: =IF(SAISIE!$E3="l CIN",ROW(),"") -> 3
A4: 43710 | B4: Athlétisme | C4: Subv 2018-2019 | D4: 467010 | E4: b CIN | F4: Virement | G4: 1909 | K4: =IF(SAISIE!$E4="b CIN",ROW(),"") -> 4 | L4: =IF(SAISIE!$E4="l CIN",ROW(),"")
A5: 43711 | B5: Natation | C5: Rbt location minibus FACT 54 | D5: 791180 | E5: b CIN | F5: Virement | G5: 1909 | K5: =IF(SAISIE!$E5="b CIN",ROW(),"") -> 5 | L5: =IF(SAISIE!$E5="l CIN",ROW(),"")
A6: 43711 | B6: Natation | C6: Rbt location minibus FACT 50 | D6: 791180 | E6: b CIN | F6: Virement | G6: 1909 | K6: =IF(SAISIE!$E6="b CIN",ROW(),"") -> 6 | L6: =IF(SAISIE!$E6="l CIN",ROW(),"")
A7: 43711 | B7: Natation | C7: Rbt URSSAF 1èr trim | D7: 467100 | E7: b CIN | F7: Virement | G7: 1909 | K7: =IF(SAISIE!$E7="b CIN",ROW(),"") -> 7 | L7: =IF(SAISIE!$E7="l CIN",ROW(),"")
A8: 43711 | B8: Natation | C8: Rbt Pole Emploi 1er trim | D8: 467110 | E8: b CIN | F8: Virement | G8: 1909 | K8: =IF(SAISIE!$E8="b CIN",ROW(),"") -> 8 | L8: =IF(SAISIE!$E8="l CIN",ROW(),"")
A9: 43711 | B9: Natation | C9: Rbt Humanis 1er trim | D9: 467120 | E9: b CIN | F9: Virement | G9: 1909 | K9: =IF(SAISIE!$E9="b CIN",ROW(),"") -> 9 | L9: =IF(SAISIE!$E9="l CIN",ROW(),"")
A10: 43711 | B10: Natation | C10: Rbt location minibus FACT 43 | D10: 791180 | E10: b CIN | F10: Virement | G10: 1909 | K10: =IF(SAISIE!$E10="b CIN",ROW(),"") -> 10 | L10: =IF(SAISIE!$E10="l CIN",ROW(),"")
A11: 43711 | B11: Natation | C11: Rbt URSSAF 2è trim | D11: 467100 | E11: b CIN | F11: Virement | G11: 1909 | K11: =IF(SAISIE!$E11="b CIN",ROW(),"") -> 11 | L11: =IF(SAISIE!$E11="l CIN",ROW(),"")
A12: 43711 | B12: Natation | C12: Rbt Pole Emploi 2è trim | D12: 467110 | E12: b CIN | F12: Virement | G12: 1909 | K12: =IF(SAISIE!$E12="b CIN",ROW(),"") -> 12 | L12: =IF(SAISIE!$E12="l CIN",ROW(),"")
A13: 43711 | B13: Natation | C13: Rbt Humanis 2è trim | D13: 467120 | E13: b CIN | F13: Virement | G13: 1909 | K13: =IF(SAISIE!$E13="b CIN",ROW(),"") -> 13 | L13: =IF(SAISIE!$E13="l CIN",ROW(),"")
... A27: 43720 | B27: Basket | C27: Subvention CNDS Emilie Basket | D27: 467080 | E27: b CIN | F27: Virement | G27: 1909 | K27: =IF(SAISIE!$E27="b CIN",ROW(),"") -> 27 | L27: =IF(SAISIE!$E27="l CIN",ROW(),"")
A28: 43720 | C28: ADREA Mutuelle | D28: 467180 | E28: b CIN | F28: Prélèvement | G28: 1909 | K28: =IF(SAISIE!$E28="b CIN",ROW(),"") -> 28 | L28: =IF(SAISIE!$E28="l CIN",ROW(),"")
A29: 43720 | B29: Comité directeur | C29: ADREA Mutuelle | D29: 437800 | E29: b CIN | F29: Prélèvement | G29: 1909 | K29: =IF(SAISIE!$E29="b CIN",ROW(),"") -> 29 | L29: =IF(SAISIE!$E29="l CIN",ROW(),"")
A30: 43720 | B30: Comité directeur | C30: Arrondi ADREA Mutuelle | D30: 645800 | E30: b CIN | F30: Prélèvement | G30: 1909 | K30: =IF(SAISIE!$E30="b CIN",ROW(),"") -> 30 | L30: =IF(SAISIE!$E30="l CIN",ROW(),"")
A31: 43720 | B31: Comité directeur | C31: ENCRE MARKET : papeterie | D31: 606400 | E31: b CIN | F31: CB | G31: 1909 | K31: =IF(SAISIE!$E31="b CIN",ROW(),"") -> 31 | L31: =IF(SAISIE!$E31="l CIN",ROW(),"")
A32: 43724 | B32: Athlétisme | C32: Subv 2018-2019 | D32: 467010 | E32: b CIN | F32: Virement | G32: 1909 | K32: =IF(SAISIE!$E32="b CIN",ROW(),"") -> 32 | L32: =IF(SAISIE!$E32="l CIN",ROW(),"")
A33: 43725 | C33: URSSAF 08 – 2019 | D33: 467100 | E33: b CIN | F33: Prélèvement | G33: 1909 | K33: =IF(SAISIE!$E33="b CIN",ROW(),"") -> 33 | L33: =IF(SAISIE!$E33="l CIN",ROW(),"")
A34: 43725 | B34: Comité directeur | C34: URSSAF 08 – 2019 | D34: 431100 | E34: b CIN | F34: Prélèvement | G34: 1909 | K34: =IF(SAISIE!$E34="b CIN",ROW(),"") -> 34 | L34: =IF(SAISIE!$E34="l CIN",ROW(),"")
A35: 43725 | C35: Pole Emploi 08 – 2019 | D35: 467110 | E35: b CIN | F35: Prélèvement | G35: 1909 | K35: =IF(SAISIE!$E35="b CIN",ROW(),"") -> 35 | L35: =IF(SAISIE!$E35="l CIN",ROW(),"")
A36: 43725 | B36: Comité directeur | C36: Pole Emploi 08 – 2019 | D36: 437400 | E36: b CIN | F36: Prélèvement | G36: 1909 | K36: =IF(SAISIE!$E36="b CIN",ROW(),"") -> 36 | L36: =IF(SAISIE!$E36="l CIN",ROW(),"")
A37: 43725 | B37: Comité directeur | C37: Arrondi URSSAF 08 – 2019 | D37: 645100 | E37: b CIN | F37: Prélèvement | G37: 1909 | K37: =IF(SAISIE!$E37="b CIN",ROW(),"") -> 37 | L37: =IF(SAISIE!$E37="l CIN",ROW(),"")
A38: 43725 | B38: Escrime | C38: Subv 2018-2019 | D38: 467010 | E38: b CIN | F38: Virement | G38: 1909 | K38: =IF(SAISIE!$E38="b CIN",ROW(),"") -> 38 | L38: =IF(SAISIE!$E38="l CIN",ROW(),"")
A39: 43725 | B39: Comité directeur | C39: Virt du Cpte Livret | D39: 580000 | E39: b CIN | F39: Virement | G39: 1909 | K39: =IF(SAISIE!$E39="b CIN",ROW(),"") -> 39 | L39: =IF(SAISIE!$E39="l CIN",ROW(),"")
A40: 43725 | B40: Comité directeur | C40: Virt au Cpte Courant | D40: 580000 | E40: l CIN | F40: Virement | G40: 1909 | K40: =IF(SAISIE!$E40="b CIN",ROW(),"") | L40: =IF(SAISIE!$E40="l CIN",ROW(),"") -> 40
A41: 43728 | B41: Badminton | C41: Rbt Chorum 2eme trim | D41: 467140 | E41: b CIN | F41: Virement | G41: 1909 | K41: =IF(SAISIE!$E41="b CIN",ROW(),"") -> 41 | L41: =IF(SAISIE!$E41="l CIN",ROW(),"")
A42: 43729 | B42: Natation | C42: Subv 2018-2019 | D42: 467010 | E42: b CIN | F42: Virement | G42: 1909 | K42: =IF(SAISIE!$E42="b CIN",ROW(),"") -> 42 | L42: =IF(SAISIE!$E42="l CIN",ROW(),"")
A43: 43731 | B43: Basket | C43: TAP FACT 00004 (21/01 au 05/07) | D43: 467190 | E43: b CIN | F43: Virement | G43: 1909 | K43: =IF(SAISIE!$E43="b CIN",ROW(),"") -> 43 | L43: =IF(SAISIE!$E43="l CIN",ROW(),"")
A44: 43731 | B44: Hockey | C44: TAP FACT 00005 (21/01 au 05/07) | D44: 791240 | E44: b CIN | F44: Virement | G44: 1909 | K44: =IF(SAISIE!$E44="b CIN",ROW(),"") -> 44 | L44: =IF(SAISIE!$E44="l CIN",ROW(),"")
A45: 43731 | B45: Tennis | C45: TAP FACT 00006 (21/01 au 05/07) | D45: 467190 | E45: b CIN | F45: Virement | G45: 1909 | K45: =IF(SAISIE!$E45="b CIN",ROW(),"") -> 45 | L45: =IF(SAISIE!$E45="l CIN",ROW(),"")
A46: 43732 | B46: Comité directeur | C46: DGFIP Prel à la source | D46: 442100 | E46: b CIN | F46: Prélèvement | G46: 1909 | K46: =IF(SAISIE!$E46="b CIN",ROW(),"") -> 46 | L46: =IF(SAISIE!$E46="l CIN",ROW(),"")
A47: 43733 | C47: Humanis 08 - 2019 | D47: 467120 | E47: b CIN | F47: Prélèvement | G47: 1909 | K47: =IF(SAISIE!$E47="b CIN",ROW(),"") -> 47 | L47: =IF(SAISIE!$E47="l CIN",ROW(),"")
A48: 43733 | B48: Comité directeur | C48: Humanis 08 - 2019 | D48: 437300 | E48: b CIN | F48: Prélèvement | G48: 1909 | K48: =IF(SAISIE!$E48="b CIN",ROW(),"") -> 48 | L48: =IF(SAISIE!$E48="l CIN",ROW(),"")
A49: 43733 | B49: Hand-Ball | C49: Subv 2018-2019 | D49: 467010 | E49: b CIN | F49: Virement | G49: 1909 | K49: =IF(SAISIE!$E49="b CIN",ROW(),"") -> 49 | L49: =IF(SAISIE!$E49="l CIN",ROW(),"")
A50: 43735 | B50: Basket | C50: REMB TAP FACT 00004 (21/01 au 05/07) | D50: 467190 | E50: b CIN | F50: Virement | G50: 1909 | K50: =IF(SAISIE!$E50="b CIN",ROW(),"") -> 50 | L50: =IF(SAISIE!$E50="l CIN",ROW(),"")
A51: 43735 | B51: Tennis | C51: REMB TAP FACT 00006 (21/01 au 05/07) | D51: 467190 | E51: b CIN | F51: Virement | G51: 1909 | K51: =IF(SAISIE!$E51="b CIN",ROW(),"") -> 51 | L51: =IF(SAISIE!$E51="l CIN",ROW(),"")
A52: 43736 | B52: Comité directeur | C52: Salaire Hatteville Jordan Septembre | D52: 421000 | E52: b CIN | F52: Virement | G52: 1909 | K52: =IF(SAISIE!$E52="b CIN",ROW(),"") -> 52 | L52: =IF(SAISIE!$E52="l CIN",ROW(),"")
A53: 43736 | B53: Basket | C53: Participation Emilie | D53: 648000 | E53: b CIN | F53: Virement | G53: 1909 | K53: =IF(SAISIE!$E53="b CIN",ROW(),"") -> 53 | L53: =IF(SAISIE!$E53="l CIN",ROW(),"")
A54: 43738 | B54: Hand-Ball | C54: Participation heures Jordan | D54: 791240 | E54: b CIN | F54: Virement | G54: 1909 | K54: =IF(SAISIE!$E54="b CIN",ROW(),"") -> 54 | L54: =IF(SAISIE!$E54="l CIN",ROW(),"")
A55: 43738 | B55: Comité directeur | C55: Salaire Hatteville Jordan septembre | D55: 641100 | K55: =IF(SAISIE!$E55="b CIN",ROW(),"") | L55: =IF(SAISIE!$E55="l CIN",ROW(),"")
A56: 43738 | B56: Comité directeur | C56: Urssaf (charges patronales) Hatteville Jordan septembre | D56: 645100 | K56: =IF(SAISIE!$E56="b CIN",ROW(),"") | L56: =IF(SAISIE!$E56="l CIN",ROW(),"")
A57: 43738 | B57: Comité directeur | C57: Humanis (charges patronales) Hatteville Jordan septembre | D57: 645300 | K57: =IF(SAISIE!$E57="b CIN",ROW(),"") | L57: =IF(SAISIE!$E57="l CIN",ROW(),"")
A58: 43738 | B58: Comité directeur | C58: Pôle emploi (charges patronales) Hatteville Jordan septembre | D58: 645400 | K58: =IF(SAISIE!$E58="b CIN",ROW(),"") | L58: =IF(SAISIE!$E58="l CIN",ROW(),"")
A59: 43738 | B59: Comité directeur | C59: Chorum (charges patronales) Hatteville Jordan septembre | D59: 645350 | K59: =IF(SAISIE!$E59="b CIN",ROW(),"") | L59: =IF(SAISIE!$E59="l CIN",ROW(),"")
A60: 43738 | B60: Comité directeur | C60: ADRÉA (charges patronales) Hatteville Jordan septembre | D60: 645800 | K60: =IF(SAISIE!$E60="b CIN",ROW(),"") | L60: =IF(SAISIE!$E60="l CIN",ROW(),"")
A61: 43738 | B61: Comité directeur | C61: Salaire Hatteville Jordan septembre | D61: 421000 | K61: =IF(SAISIE!$E61="b CIN",ROW(),"") | L61: =IF(SAISIE!$E61="l CIN",ROW(),"")
A62: 43738 | B62: Comité directeur | C62: Urssaf Hatteville Jordan septembre | D62: 431100 | K62: =IF(SAISIE!$E62="b CIN",ROW(),"") | L62: =IF(SAISIE!$E62="l CIN",ROW(),"")
A63: 43738 | B63: Comité directeur | C63: Humanis Hatteville Jordan septembre | D63: 437300 | K63: =IF(SAISIE!$E63="b CIN",ROW(),"") | L63: =IF(SAISIE!$E63="l CIN",ROW(),"")
A64: 43738 | B64: Comité directeur | C64: Pôle emploi Hatteville Jordan septembre | D64: 437400 | K64: =IF(SAISIE!$E64="b CIN",ROW(),"") | L64: =IF(SAISIE!$E64="l CIN",ROW(),"")
A65: 43738 | B65: Comité directeur | C65: Chorum Hatteville Jordan septembre | D65: 437350 | K65: =IF(SAISIE!$E65="b CIN",ROW(),"") | L65: =IF(SAISIE!$E65="l CIN",ROW(),"")
A66: 43738 | B66: Comité directeur | C66: ADRÉA Hatteville Jordan septembre | D66: 437800 | K66: =IF(SAISIE!$E66="b CIN",ROW(),"") | L66: =IF(SAISIE!$E66="l CIN",ROW(),"")
A67: 43741 | B67: Natation | C67: Subv 2018-2019 | D67: 467010 | E67: b CIN | F67: Virement | G67: 1910 | K67: =IF(SAISIE!$E67="b CIN",ROW(),"") -> 67 | L67: =IF(SAISIE!$E67="l CIN",ROW(),"")
A68: 43742 | B68: Comité directeur | C68: Free telecom | D68: 626500 | E68: b CIN | F68: Prélèvement | G68: 1910 | K68: =IF(SAISIE!$E68="b CIN",ROW(),"") -> 68 | L68: =IF(SAISIE!$E68="l CIN",ROW(),"")
A69: 43742 | B69: Natation | C69: Aide except salaire BELLINA | E69: b CIN | F69: Virement | G69: 1910 | K69: =IF(SAISIE!$E69="b CIN",ROW(),"") -> 69 | L69: =IF(SAISIE!$E69="l CIN",ROW(),"")
A70: 43746 | B70: Natation | C70: Remise chèque rembt uniformation 2018 | D70: 467130 | E70: b CIN | F70: Chèque | G70: 1910 | K70: =IF(SAISIE!$E70="b CIN",ROW(),"") -> 70 | L70: =IF(SAISIE!$E70="l CIN",ROW(),"")
A71: 43746 | C71: Remise chèque UNIFORMATION FRANCOIS | D71: 791181 | E71: b CIN | F71: Chèque | G71: 1910 | K71: =IF(SAISIE!$E71="b CIN",ROW(),"") -> 71 | L71: =IF(SAISIE!$E71="l CIN",ROW(),"")
A72: 43746 | B72: Comité directeur | C72: Leclerc pot réunion | D72: 625700 | E72: b CIN | F72: CB | G72: 1910 | K72: =IF(SAISIE!$E72="b CIN",ROW(),"") -> 72 | L72: =IF(SAISIE!$E72="l CIN",ROW(),"")
A73: 43748 | C73: Ville de Vire : solde subv. 2019 | D73: 467010 | E73: b CIN | F73: Virement | G73: 1910 | K73: =IF(SAISIE!$E73="b CIN",ROW(),"") -> 73 | L73: =IF(SAISIE!$E73="l CIN",ROW(),"")
A74: 43748 | B74: Natation | C74: Viile de Vire : solde subv. Equalia | D74: 467220 | E74: b CIN | F74: Virement | G74: 1910 | K74: =IF(SAISIE!$E74="b CIN",ROW(),"") -> 74 | L74: =IF(SAISIE!$E74="l CIN",ROW(),"")
A75: 43748 | C75: Conseil Départemental aide sections | D75: 467020 | E75: b CIN | F75: Virement | G75: 1910 | K75: =IF(SAISIE!$E75="b CIN",ROW(),"") -> 75 | L75: =IF(SAISIE!$E75="l CIN",ROW(),"")
A76: 43748 | B76: Comité directeur | C76: CIC Filbanque et frais virements | D76: 627800 | E76: b CIN | F76: Prélèvement | G76: 1910 | K76: =IF(SAISIE!$E76="b CIN",ROW(),"") -> 76 | L76: =IF(SAISIE!$E76="l CIN",ROW(),"")
A77: 43748 | B77: Comité directeur | C77: Clés minibus | D77: 615500 | E77: b CIN | F77: CB | G77: 1910 | K77: =IF(SAISIE!$E77="b CIN",ROW(),"") -> 77 | L77: =IF(SAISIE!$E77="l CIN",ROW(),"")
A78: 43752 | C78: ADREA Mutuelle | D78: 467180 | E78: b CIN | F78: Prélèvement | G78: 1910 | K78: =IF(SAISIE!$E78="b CIN",ROW(),"") -> 78 | L78: =IF(SAISIE!$E78="l CIN",ROW(),"")
A79: 43752 | B79: Comité directeur | C79: ADREA Mutuelle | D79: 437800 | E79: b CIN | F79: Prélèvement | G79: 1910 | K79: =IF(SAISIE!$E79="b CIN",ROW(),"") -> 79 | L79: =IF(SAISIE!$E79="l CIN",ROW(),"")
A80: 43752 | B80: Comité directeur | C80: Arrondi ADREA Mutuelle | D80: 645800 | E80: b CIN | F80: Prélèvement | G80: 1910 | K80: =IF(SAISIE!$E80="b CIN",ROW(),"") -> 80 | L80: =IF(SAISIE!$E80="l CIN",ROW(),"")
A81: 43752 | B81: Basket-ball | C81: Rbt URSSAF 3è trim | D81: 467100 | E81: b CIN | F81: Virement | G81: 1910 | K81: =IF(SAISIE!$E81="b CIN",ROW(),"") -> 81 | L81: =IF(SAISIE!$E81="l CIN",ROW(),"")
A82: 43752 | B82: Basket-ball | C82: Rbt Pole Emploi 3è trim | D82: 467110 | E82: b CIN | F82: Virement | G82: 1910 | K82: =IF(SAISIE!$E82="b CIN",ROW(),"") -> 82 | L82: =IF(SAISIE!$E82="l CIN",ROW(),"")
A83: 43752 | B83: Basket-ball | C83: Rbt Humanis 3è trim | D83: 467120 | E83: b CIN | F83: Virement | G83: 1910 | K83: =IF(SAISIE!$E83="b CIN",ROW(),"") -> 83 | L83: =IF(SAISIE!$E83="l CIN",ROW(),"")
A84: 43752 | B84: Basket-ball | C84: Rbt Adrea 3è trim | D84: 467180 | E84: b CIN | F84: Virement | G84: 1910 | K84: =IF(SAISIE!$E84="b CIN",ROW(),"") -> 84 | L84: =IF(SAISIE!$E84="l CIN",ROW(),"")
A85: 43752 | B85: Basket-ball | C85: Rbt Chorum 3è trim | D85: 467140 | E85: b CIN | F85: Virement | G85: 1910 | K85: =IF(SAISIE!$E85="b CIN",ROW(),"") -> 85 | L85: =IF(SAISIE!$E85="l CIN",ROW(),"")
A86: 43753 | B86: Tennis | C86: Rbt URSSAF 3è trim | D86: 467100 | E86: b CIN | F86: Virement | G86: 1910 | K86: =IF(SAISIE!$E86="b CIN",ROW(),"") -> 86 | L86: =IF(SAISIE!$E86="l CIN",ROW(),"")
A87: 43753 | B87: Tennis | C87: Rbt Pole Emploi 3è trim | D87: 467110 | E87: b CIN | F87: Virement | G87: 1910 | K87: =IF(SAISIE!$E87="b CIN",ROW(),"") -> 87 | L87: =IF(SAISIE!$E87="l CIN",ROW(),"")
A88: 43753 | B88: Tennis | C88: Rbt Humanis 3è trim | D88: 467120 | E88: b CIN | F88: Virement | G88: 1910 | K88: =IF(SAISIE!$E88="b CIN",ROW(),"") -> 88 | L88: =IF(SAISIE!$E88="l CIN",ROW(),"")
A89: 43753 | B89: Tennis | C89: Rbt Adrea 3è trim | D89: 467180 | E89: b CIN | F89: Virement | G89: 1910 | K89: =IF(SAISIE!$E89="b CIN",ROW(),"") -> 89 | L89: =IF(SAISIE!$E89="l CIN",ROW(),"")
A90: 43753 | B90: Tennis | C90: Rbt Prel à la source | D90: 442100 | E90: b CIN | F90: Virement | G90: 1910 | K90: =IF(SAISIE!$E90="b CIN",ROW(),"") -> 90 | L90: =IF(SAISIE!$E90="l CIN",ROW(),"")
... A95: 43754 | B95: Tennis de table | C95: Subv 2018-2019 | D95: 467010 | E95: b CIN | F95: Virement | G95: 1910 | K95: =IF(SAISIE!$E95="b CIN",ROW(),"") -> 95 | L95: =IF(SAISIE!$E95="l CIN",ROW(),"")
A96: 43754 | C96: URSSAF 09 – 2019 | D96: 467100 | E96: b CIN | F96: Prélèvement | G96: 1910 | K96: =IF(SAISIE!$E96="b CIN",ROW(),"") -> 96 | L96: =IF(SAISIE!$E96="l CIN",ROW(),"")
A97: 43754 | B97: Comité directeur | C97: URSSAF 09 – 2019 | D97: 431100 | E97: b CIN | F97: Prélèvement | G97: 1910 | K97: =IF(SAISIE!$E97="b CIN",ROW(),"") -> 97 | L97: =IF(SAISIE!$E97="l CIN",ROW(),"")
A98: 43754 | C98: Pole Emploi 09 – 2019 | D98: 467110 | E98: b CIN | F98: Prélèvement | G98: 1910 | K98: =IF(SAISIE!$E98="b CIN",ROW(),"") -> 98 | L98: =IF(SAISIE!$E98="l CIN",ROW(),"")
A99: 43754 | B99: Comité directeur | C99: Pole Emploi 09 – 2019 | D99: 437400 | E99: b CIN | F99: Prélèvement | G99: 1910 | K99: =IF(SAISIE!$E99="b CIN",ROW(),"") -> 99 | L99: =IF(SAISIE!$E99="l CIN",ROW(),"")
A100: 43754 | B100: Comité directeur | C100: Arrondi URSSAF 09 – 2019 | D100: 645100 | E100: b CIN | F100: Prélèvement | G100: 1910 | K100: =IF(SAISIE!$E100="b CIN",ROW(),"") -> 100 | L100: =IF(SAISIE!$E100="l CIN",ROW(),"")
A101: 43755 | B101: Natation | C101: Rbt URSSAF 3è trim | D101: 467100 | E101: b CIN | F101: Virement | G101: 1910 | K101: =IF(SAISIE!$E101="b CIN",ROW(),"") -> 101 | L101: =IF(SAISIE!$E101="l CIN",ROW(),"")
A102: 43755 | B102: Natation | C102: Rbt Pole Emploi 3è trim | D102: 467110 | E102: b CIN | F102: Virement | G102: 1910 | K102: =IF(SAISIE!$E102="b CIN",ROW(),"") -> 102 | L102: =IF(SAISIE!$E102="l CIN",ROW(),"")
A103: 43755 | B103: Natation | C103: Rbt Humanis 3è trim | D103: 467120 | E103: b CIN | F103: Virement | G103: 1910 | K103: =IF(SAISIE!$E103="b CIN",ROW(),"") -> 103 | L103: =IF(SAISIE!$E103="l CIN",ROW(),"")
A104: 43755 | C104: St Contest | D104: 471000 | E104: b CIN | F104: Virement | G104: 1910 | K104: =IF(SAISIE!$E104="b CIN",ROW(),"") -> 104 | L104: =IF(SAISIE!$E104="l CIN",ROW(),"")
A105: 43756 | B105: Hockey | C105: Subv 2018-2019 | D105: 467010 | E105: b CIN | F105: Virement | G105: 1910 | K105: =IF(SAISIE!$E105="b CIN",ROW(),"") -> 105 | L105: =IF(SAISIE!$E105="l CIN",ROW(),"")
A106: 43757 | B106: Comité directeur | C106: Remb frais formation Emilie FICET sept+oct | D106: 618500 | E106: b CIN | F106: Virement | G106: 1910 | K106: =IF(SAISIE!$E106="b CIN",ROW(),"") -> 106 | L106: =IF(SAISIE!$E106="l CIN",ROW(),"")
A107: 43757 | B107: Comité directeur | C107: Remb cartouches imprimante Emilie FICET | D107: 606400 | E107: b CIN | F107: Virement | G107: 1910 | K107: =IF(SAISIE!$E107="b CIN",ROW(),"") -> 107 | L107: =IF(SAISIE!$E107="l CIN",ROW(),"")
A108: 43760 | B108: Judo | C108: Rbt URSSAF 3è trim | D108: 467100 | E108: b CIN | F108: Virement | G108: 1910 | K108: =IF(SAISIE!$E108="b CIN",ROW(),"") -> 108 | L108: =IF(SAISIE!$E108="l CIN",ROW(),"")
A109: 43760 | B109: Judo | C109: Rbt Pole Emploi 3è trim | D109: 467110 | E109: b CIN | F109: Virement | G109: 1910 | K109: =IF(SAISIE!$E109="b CIN",ROW(),"") -> 109 | L109: =IF(SAISIE!$E109="l CIN",ROW(),"")
A110: 43760 | B110: Judo | C110: Rbt Humanis 3è trim | D110: 467120 | E110: b CIN | F110: Virement | G110: 1910 | K110: =IF(SAISIE!$E110="b CIN",ROW(),"") -> 110 | L110: =IF(SAISIE!$E110="l CIN",ROW(),"")
A111: 43760 | B111: Hockey | C111: Participation heures Jordan ½ | D111: 791240 | E111: b CIN | F111: Virement | G111: 1910 | K111: =IF(SAISIE!$E111="b CIN",ROW(),"") -> 111 | L111: =IF(SAISIE!$E111="l CIN",ROW(),"")
A112: 43760 | B112: Hockey | C112: Remb TAP erreur virt | D112: 467190 | E112: b CIN | F112: Virement | G112: 1910 | K112: =IF(SAISIE!$E112="b CIN",ROW(),"") -> 112 | L112: =IF(SAISIE!$E112="l CIN",ROW(),"")
A113: 43761 | B113: Comité directeur | C113: DGFIP Prel à la source | D113: 442100 | E113: b CIN | F113: Prélèvement | G113: 1910 | K113: =IF(SAISIE!$E113="b CIN",ROW(),"") -> 113 | L113: =IF(SAISIE!$E113="l CIN",ROW(),"")
A114: 43763 | C114: Humanis 09 - 2019 | D114: 467120 | E114: b CIN | F114: Prélèvement | G114: 1910 | K114: =IF(SAISIE!$E114="b CIN",ROW(),"") -> 114 | L114: =IF(SAISIE!$E114="l CIN",ROW(),"")
A115: 43763 | B115: Comité directeur | C115: Humanis 09 - 2019 | D115: 437300 | E115: b CIN | F115: Prélèvement | G115: 1910 | K115: =IF(SAISIE!$E115="b CIN",ROW(),"") -> 115 | L115: =IF(SAISIE!$E115="l CIN",ROW(),"")
A116: 43763 | B116: Tennis | C116: CPAM | D116: 467050 | E116: b CIN | F116: Virement | G116: 1910 | K116: =IF(SAISIE!$E116="b CIN",ROW(),"") -> 116 | L116: =IF(SAISIE!$E116="l CIN",ROW(),"")
A117: 43763 | B117: Badminton | C117: Rbt URSSAF 3è trim | D117: 467100 | E117: b CIN | F117: Virement | G117: 1910 | K117: =IF(SAISIE!$E117="b CIN",ROW(),"") -> 117 | L117: =IF(SAISIE!$E117="l CIN",ROW(),"")
...

Sheet CIC COMPTE COURANT
A1: Date | B1: Section | C1: Désignation de l'opération | D1: Relevé Banque | E1: Montant | F1: Solde
C2: Report saison 2018/2019 | F2: 1000
A3: =IF(ROW()-3>COUNTIF(SAISIE!$K$2:$K$300,">"&2),"",INDIRECT(ADDRESS(SMALL(SAISIE!$K$2:$K$300,ROW()-2),MATCH(A$1,SAISIE!$A$1:$H$1,0),4,1,"SAISIE"),1)) -> 43710 | B3: =IF(ROW()-3>COUNTIF(SAISIE!$K$2:$K$300,">"&2),"",INDIRECT(ADDRESS(SMALL(SAISIE!$K$2:$K$300,ROW()-2),MATCH(B$1,SAISIE!$A$1:$H$1,0),4,1,"SAISIE"),1)) -> Comité directeur | C3: =IF(ROW()-3>COUNTIF(SAISIE!$K$2:$K$300,">"&2),"",INDIRECT(ADDRESS(SMALL(SAISIE!$K$2:$K$300,ROW()-2),MATCH(C$1,SAISIE!$A$1:$H$1,0),4,1,"SAISIE"),1)) -> Virt du Cpte Livret | D3: =IF(ROW()-3>COUNTIF(SAISIE!$K$2:$K$300,">"&2),"",INDIRECT(ADDRESS(SMALL(SAISIE!$K$2:$K$300,ROW()-2),MATCH(D$1,SAISIE!$A$1:$H$1,0),4,1,"SAISIE"),1)) -> 1909 | E3: =IF(ROW()-3>COUNTIF(SAISIE!$K$2:$K$300,">"&2),0,INDIRECT(ADDRESS(SMALL(SAISIE!$K$2:$K$300,ROW()-2),MATCH(E$1,SAISIE!$A$1:$H$1,0),4,1,"SAISIE"),1)) -> 0 | F3: =+F2+E3 -> 1000
A4: =IF(ROW()-3>COUNTIF(SAISIE!$K$2:$K$300,">"&2),"",INDIRECT(ADDRESS(SMALL(SAISIE!$K$2:$K$300,ROW()-2),MATCH(A$1,SAISIE!$A$1:$H$1,0),4,1,"SAISIE"),1)) -> 43710 | B4: =IF(ROW()-3>COUNTIF(SAISIE!$K$2:$K$300,">"&2),"",INDIRECT(ADDRESS(SMALL(SAISIE!$K$2:$K$300,ROW()-2),MATCH(B$1,SAISIE!$A$1:$H$1,0),4,1,"SAISIE"),1)) -> Athlétisme | C4: =IF(ROW()-3>COUNTIF(SAISIE!$K$2:$K$300,">"&2),"",INDIRECT(ADDRESS(SMALL(SAISIE!$K$2:$K$300,ROW()-2),MATCH(C$1,SAISIE!$A$1:$H$1,0),4,1,"SAISIE"),1)) -> Subv 2018-2019 | D4: =IF(ROW()-3>COUNTIF(SAISIE!$K$2:$K$300,">"&2),"",INDIRECT(ADDRESS(SMALL(SAISIE!$K$2:$K$300,ROW()-2),MATCH(D$1,SAISIE!$A$1:$H$1,0),4,1,"SAISIE"),1)) -> 1909 | E4: =IF(ROW()-3>COUNTIF(SAISIE!$K$2:$K$300,">"&2),0,INDIRECT(ADDRESS(SMALL(SAISIE!$K$2:$K$300,ROW()-2),MATCH(E$1,SAISIE!$A$1:$H$1,0),4,1,"SAISIE"),1)) -> 0 | F4: =+F3+E4 -> 1000
A5: =IF(ROW()-3>COUNTIF(SAISIE!$K$2:$K$300,">"&2),"",INDIRECT(ADDRESS(SMALL(SAISIE!$K$2:$K$300,ROW()-2),MATCH(A$1,SAISIE!$A$1:$H$1,0),4,1,"SAISIE"),1)) -> 43711 | B5: =IF(ROW()-3>COUNTIF(SAISIE!$K$2:$K$300,">"&2),"",INDIRECT(ADDRESS(SMALL(SAISIE!$K$2:$K$300,ROW()-2),MATCH(B$1,SAISIE!$A$1:$H$1,0),4,1,"SAISIE"),1)) -> Natation | C5: =IF(ROW()-3>COUNTIF(SAISIE!$K$2:$K$300,">"&2),"",INDIRECT(ADDRESS(SMALL(SAISIE!$K$2:$K$300,ROW()-2),MATCH(C$1,SAISIE!$A$1:$H$1,0),4,1,"SAISIE"),1)) -> Rbt location minibus FACT 54 | D5: =IF(ROW()-3>COUNTIF(SAISIE!$K$2:$K$300,">"&2),"",INDIRECT(ADDRESS(SMALL(SAISIE!$K$2:$K$300,ROW()-2),MATCH(D$1,SAISIE!$A$1:$H$1,0),4,1,"SAISIE"),1)) -> 1909 | E5: =IF(ROW()-3>COUNTIF(SAISIE!$K$2:$K$300,">"&2),0,INDIRECT(ADDRESS(SMALL(SAISIE!$K$2:$K$300,ROW()-2),MATCH(E$1,SAISIE!$A$1:$H$1,0),4,1,"SAISIE"),1)) -> 0 | F5: =+F4+E5 -> 1000
A6: =IF(ROW()-3>COUNTIF(SAISIE!$K$2:$K$300,">"&2),"",INDIRECT(ADDRESS(SMALL(SAISIE!$K$2:$K$300,ROW()-2),MATCH(A$1,SAISIE!$A$1:$H$1,0),4,1,"SAISIE"),1)) -> 43711 | B6: =IF(ROW()-3>COUNTIF(SAISIE!$K$2:$K$300,">"&2),"",INDIRECT(ADDRESS(SMALL(SAISIE!$K$2:$K$300,ROW()-2),MATCH(B$1,SAISIE!$A$1:$H$1,0),4,1,"SAISIE"),1)) -> Natation | C6: =IF(ROW()-3>COUNTIF(SAISIE!$K$2:$K$300,">"&2),"",INDIRECT(ADDRESS(SMALL(SAISIE!$K$2:$K$300,ROW()-2),MATCH(C$1,SAISIE!$A$1:$H$1,0),4,1,"SAISIE"),1)) -> Rbt location minibus FACT 50 | D6: =IF(ROW()-3>COUNTIF(SAISIE!$K$2:$K$300,">"&2),"",INDIRECT(ADDRESS(SMALL(SAISIE!$K$2:$K$300,ROW()-2),MATCH(D$1,SAISIE!$A$1:$H$1,0),4,1,"SAISIE"),1)) -> 1909 | E6: =IF(ROW()-3>COUNTIF(SAISIE!$K$2:$K$300,">"&2),0,INDIRECT(ADDRESS(SMALL(SAISIE!$K$2:$K$300,ROW()-2),MATCH(E$1,SAISIE!$A$1:$H$1,0),4,1,"SAISIE"),1)) -> 0 | F6: =+F5+E6 -> 1000
A7: =IF(ROW()-3>COUNTIF(SAISIE!$K$2:$K$300,">"&2),"",INDIRECT(ADDRESS(SMALL(SAISIE!$K$2:$K$300,ROW()-2),MATCH(A$1,SAISIE!$A$1:$H$1,0),4,1,"SAISIE"),1)) -> 43711 | B7: =IF(ROW()-3>COUNTIF(SAISIE!$K$2:$K$300,">"&2),"",INDIRECT(ADDRESS(SMALL(SAISIE!$K$2:$K$300,ROW()-2),MATCH(B$1,SAISIE!$A$1:$H$1,0),4,1,"SAISIE"),1)) -> Natation | C7: =IF(ROW()-3>COUNTIF(SAISIE!$K$2:$K$300,">"&2),"",INDIRECT(ADDRESS(SMALL(SAISIE!$K$2:$K$300,ROW()-2),MATCH(C$1,SAISIE!$A$1:$H$1,0),4,1,"SAISIE"),1)) -> Rbt URSSAF 1èr trim | D7: =IF(ROW()-3>COUNTIF(SAISIE!$K$2:$K$300,">"&2),"",INDIRECT(ADDRESS(SMALL(SAISIE!$K$2:$K$300,ROW()-2),MATCH(D$1,SAISIE!$A$1:$H$1,0),4,1,"SAISIE"),1)) -> 1909 | E7: =IF(ROW()-3>COUNTIF(SAISIE!$K$2:$K$300,">"&2),0,INDIRECT(ADDRESS(SMALL(SAISIE!$K$2:$K$300,ROW()-2),MATCH(E$1,SAISIE!$A$1:$H$1,0),4,1,"SAISIE"),1)) -> 0 | F7: =+F6+E7 -> 1000
A8: =IF(ROW()-3>COUNTIF(SAISIE!$K$2:$K$300,">"&2),"",INDIRECT(ADDRESS(SMALL(SAISIE!$K$2:$K$300,ROW()-2),MATCH(A$1,SAISIE!$A$1:$H$1,0),4,1,"SAISIE"),1)) -> 43711 | B8: =IF(ROW()-3>COUNTIF(SAISIE!$K$2:$K$300,">"&2),"",INDIRECT(ADDRESS(SMALL(SAISIE!$K$2:$K$300,ROW()-2),MATCH(B$1,SAISIE!$A$1:$H$1,0),4,1,"SAISIE"),1)) -> Natation | C8: =IF(ROW()-3>COUNTIF(SAISIE!$K$2:$K$300,">"&2),"",INDIRECT(ADDRESS(SMALL(SAISIE!$K$2:$K$300,ROW()-2),MATCH(C$1,SAISIE!$A$1:$H$1,0),4,1,"SAISIE"),1)) -> Rbt Pole Emploi 1er trim | D8: =IF(ROW()-3>COUNTIF(SAISIE!$K$2:$K$300,">"&2),"",INDIRECT(ADDRESS(SMALL(SAISIE!$K$2:$K$300,ROW()-2),MATCH(D$1,SAISIE!$A$1:$H$1,0),4,1,"SAISIE"),1)) -> 1909 | E8: =IF(ROW()-3>COUNTIF(SAISIE!$K$2:$K$300,">"&2),0,INDIRECT(ADDRESS(SMALL(SAISIE!$K$2:$K$300,ROW()-2),MATCH(E$1,SAISIE!$A$1:$H$1,0),4,1,"SAISIE"),1)) -> 0 | F8: =+F7+E8 -> 1000
A9: =IF(ROW()-3>COUNTIF(SAISIE!$K$2:$K$300,">"&2),"",INDIRECT(ADDRESS(SMALL(SAISIE!$K$2:$K$300,ROW()-2),MATCH(A$1,SAISIE!$A$1:$H$1,0),4,1,"SAISIE"),1)) -> 43711 | B9: =IF(ROW()-3>COUNTIF(SAISIE!$K$2:$K$300,">"&2),"",INDIRECT(ADDRESS(SMALL(SAISIE!$K$2:$K$300,ROW()-2),MATCH(B$1,SAISIE!$A$1:$H$1,0),4,1,"SAISIE"),1)) -> Natation | C9: =IF(ROW()-3>COUNTIF(SAISIE!$K$2:$K$300,">"&2),"",INDIRECT(ADDRESS(SMALL(SAISIE!$K$2:$K$300,ROW()-2),MATCH(C$1,SAISIE!$A$1:$H$1,0),4,1,"SAISIE"),1)) -> Rbt Humanis 1er trim | D9: =IF(ROW()-3>COUNTIF(SAISIE!$K$2:$K$300,">"&2),"",INDIRECT(ADDRESS(SMALL(SAISIE!$K$2:$K$300,ROW()-2),MATCH(D$1,SAISIE!$A$1:$H$1,0),4,1,"SAISIE"),1)) -> 1909 | E9: =IF(ROW()-3>COUNTIF(SAISIE!$K$2:$K$300,">"&2),0,INDIRECT(ADDRESS(SMALL(SAISIE!$K$2:$K$300,ROW()-2),MATCH(E$1,SAISIE!$A$1:$H$1,0),4,1,"SAISIE"),1)) -> 0 | F9: =+F8+E9 -> 1000
A10: =IF(ROW()-3>COUNTIF(SAISIE!$K$2:$K$300,">"&2),"",INDIRECT(ADDRESS(SMALL(SAISIE!$K$2:$K$300,ROW()-2),MATCH(A$1,SAISIE!$A$1:$H$1,0),4,1,"SAISIE"),1)) -> 43711 | B10: =IF(ROW()-3>COUNTIF(SAISIE!$K$2:$K$300,">"&2),"",INDIRECT(ADDRESS(SMALL(SAISIE!$K$2:$K$300,ROW()-2),MATCH(B$1,SAISIE!$A$1:$H$1,0),4,1,"SAISIE"),1)) -> Natation | C10: =IF(ROW()-3>COUNTIF(SAISIE!$K$2:$K$300,">"&2),"",INDIRECT(ADDRESS(SMALL(SAISIE!$K$2:$K$300,ROW()-2),MATCH(C$1,SAISIE!$A$1:$H$1,0),4,1,"SAISIE"),1)) -> Rbt location minibus FACT 43 | D10: =IF(ROW()-3>COUNTIF(SAISIE!$K$2:$K$300,">"&2),"",INDIRECT(ADDRESS(SMALL(SAISIE!$K$2:$K$300,ROW()-2),MATCH(D$1,SAISIE!$A$1:$H$1,0),4,1,"SAISIE"),1)) -> 1909 | E10: =IF(ROW()-3>COUNTIF(SAISIE!$K$2:$K$300,">"&2),0,INDIRECT(ADDRESS(SMALL(SAISIE!$K$2:$K$300,ROW()-2),MATCH(E$1,SAISIE!$A$1:$H$1,0),4,1,"SAISIE"),1)) -> 0 | F10: =+F9+E10 -> 1000
A11: =IF(ROW()-3>COUNTIF(SAISIE!$K$2:$K$300,">"&2),"",INDIRECT(ADDRESS(SMALL(SAISIE!$K$2:$K$300,ROW()-2),MATCH(A$1,SAISIE!$A$1:$H$1,0),4,1,"SAISIE"),1)) -> 43711 | B11: =IF(ROW()-3>COUNTIF(SAISIE!$K$2:$K$300,">"&2),"",INDIRECT(ADDRESS(SMALL(SAISIE!$K$2:$K$300,ROW()-2),MATCH(B$1,SAISIE!$A$1:$H$1,0),4,1,"SAISIE"),1)) -> Natation | C11: =IF(ROW()-3>COUNTIF(SAISIE!$K$2:$K$300,">"&2),"",INDIRECT(ADDRESS(SMALL(SAISIE!$K$2:$K$300,ROW()-2),MATCH(C$1,SAISIE!$A$1:$H$1,0),4,1,"SAISIE"),1)) -> Rbt URSSAF 2è trim | D11: =IF(ROW()-3>COUNTIF(SAISIE!$K$2:$K$300,">"&2),"",INDIRECT(ADDRESS(SMALL(SAISIE!$K$2:$K$300,ROW()-2),MATCH(D$1,SAISIE!$A$1:$H$1,0),4,1,"SAISIE"),1)) -> 1909 | E11: =IF(ROW()-3>COUNTIF(SAISIE!$K$2:$K$300,">"&2),0,INDIRECT(ADDRESS(SMALL(SAISIE!$K$2:$K$300,ROW()-2),MATCH(E$1,SAISIE!$A$1:$H$1,0),4,1,"SAISIE"),1)) -> 0 | F11: =+F10+E11 -> 1000
A12: =IF(ROW()-3>COUNTIF(SAISIE!$K$2:$K$300,">"&2),"",INDIRECT(ADDRESS(SMALL(SAISIE!$K$2:$K$300,ROW()-2),MATCH(A$1,SAISIE!$A$1:$H$1,0),4,1,"SAISIE"),1)) -> 43711 | B12: =IF(ROW()-3>COUNTIF(SAISIE!$K$2:$K$300,">"&2),"",INDIRECT(ADDRESS(SMALL(SAISIE!$K$2:$K$300,ROW()-2),MATCH(B$1,SAISIE!$A$1:$H$1,0),4,1,"SAISIE"),1)) -> Natation | C12: =IF(ROW()-3>COUNTIF(SAISIE!$K$2:$K$300,">"&2),"",INDIRECT(ADDRESS(SMALL(SAISIE!$K$2:$K$300,ROW()-2),MATCH(C$1,SAISIE!$A$1:$H$1,0),4,1,"SAISIE"),1)) -> Rbt Pole Emploi 2è trim | D12: =IF(ROW()-3>COUNTIF(SAISIE!$K$2:$K$300,">"&2),"",INDIRECT(ADDRESS(SMALL(SAISIE!$K$2:$K$300,ROW()-2),MATCH(D$1,SAISIE!$A$1:$H$1,0),4,1,"SAISIE"),1)) -> 1909 | E12: =IF(ROW()-3>COUNTIF(SAISIE!$K$2:$K$300,">"&2),0,INDIRECT(ADDRESS(SMALL(SAISIE!$K$2:$K$300,ROW()-2),MATCH(E$1,SAISIE!$A$1:$H$1,0),4,1,"SAISIE"),1)) -> 0 | F12: =+F11+E12 -> 1000
A13: =IF(ROW()-3>COUNTIF(SAISIE!$K$2:$K$300,">"&2),"",INDIRECT(ADDRESS(SMALL(SAISIE!$K$2:$K$300,ROW()-2),MATCH(A$1,SAISIE!$A$1:$H$1,0),4,1,"SAISIE"),1)) -> 43711 | B13: =IF(ROW()-3>COUNTIF(SAISIE!$K$2:$K$300,">"&2),"",INDIRECT(ADDRESS(SMALL(SAISIE!$K$2:$K$300,ROW()-2),MATCH(B$1,SAISIE!$A$1:$H$1,0),4,1,"SAISIE"),1)) -> Natation | C13: =IF(ROW()-3>COUNTIF(SAISIE!$K$2:$K$300,">"&2),"",INDIRECT(ADDRESS(SMALL(SAISIE!$K$2:$K$300,ROW()-2),MATCH(C$1,SAISIE!$A$1:$H$1,0),4,1,"SAISIE"),1)) -> Rbt Humanis 2è trim | D13: =IF(ROW()-3>COUNTIF(SAISIE!$K$2:$K$300,">"&2),"",INDIRECT(ADDRESS(SMALL(SAISIE!$K$2:$K$300,ROW()-2),MATCH(D$1,SAISIE!$A$1:$H$1,0),4,1,"SAISIE"),1)) -> 1909 | E13: =IF(ROW()-3>COUNTIF(SAISIE!$K$2:$K$300,">"&2),0,INDIRECT(ADDRESS(SMALL(SAISIE!$K$2:$K$300,ROW()-2),MATCH(E$1,SAISIE!$A$1:$H$1,0),4,1,"SAISIE"),1)) -> 0 | F13: =+F12+E13 -> 1000
A14: =IF(ROW()-3>COUNTIF(SAISIE!$K$2:$K$300,">"&2),"",INDIRECT(ADDRESS(SMALL(SAISIE!$K$2:$K$300,ROW()-2),MATCH(A$1,SAISIE!$A$1:$H$1,0),4,1,"SAISIE"),1)) -> 43711 | B14: =IF(ROW()-3>COUNTIF(SAISIE!$K$2:$K$300,">"&2),"",INDIRECT(ADDRESS(SMALL(SAISIE!$K$2:$K$300,ROW()-2),MATCH(B$1,SAISIE!$A$1:$H$1,0),4,1,"SAISIE"),1)) -> Natation | C14: =IF(ROW()-3>COUNTIF(SAISIE!$K$2:$K$300,">"&2),"",INDIRECT(ADDRESS(SMALL(SAISIE!$K$2:$K$300,ROW()-2),MATCH(C$1,SAISIE!$A$1:$H$1,0),4,1,"SAISIE"),1)) -> Rbt Chorum 2eme trim | D14: =IF(ROW()-3>COUNTIF(SAISIE!$K$2:$K$300,">"&2),"",INDIRECT(ADDRESS(SMALL(SAISIE!$K$2:$K$300,ROW()-2),MATCH(D$1,SAISIE!$A$1:$H$1,0),4,1,"SAISIE"),1)) -> 1909 | E14: =IF(ROW()-3>COUNTIF(SAISIE!$K$2:$K$300,">"&2),0,INDIRECT(ADDRESS(SMALL(SAISIE!$K$2:$K$300,ROW()-2),MATCH(E$1,SAISIE!$A$1:$H$1,0),4,1,"SAISIE"),1)) -> 0 | F14: =+F13+E14 -> 1000
... A300: =IF(ROW()-3>COUNTIF(SAISIE!$K$2:$K$300,">"&2),"",INDIRECT(ADDRESS(SMALL(SAISIE!$K$2:$K$300,ROW()-2),MATCH(A$1,SAISIE!$A$1:$H$1,0),4,1,"SAISIE"),1)) | B300: =IF(ROW()-3>COUNTIF(SAISIE!$K$2:$K$300,">"&2),"",INDIRECT(ADDRESS(SMALL(SAISIE!$K$2:$K$300,ROW()-2),MATCH(B$1,SAISIE!$A$1:$H$1,0),4,1,"SAISIE"),1)) | C300: =IF(ROW()-3>COUNTIF(SAISIE!$K$2:$K$300,">"&2),"",INDIRECT(ADDRESS(SMALL(SAISIE!$K$2:$K$300,ROW()-2),MATCH(C$1,SAISIE!$A$1:$H$1,0),4,1,"SAISIE"),1)) | D300: =IF(ROW()-3>COUNTIF(SAISIE!$K$2:$K$300,">"&2),"",INDIRECT(ADDRESS(SMALL(SAISIE!$K$2:$K$300,ROW()-2),MATCH(D$1,SAISIE!$A$1:$H$1,0),4,1,"SAISIE"),1)) | E300: =IF(ROW()-3>COUNTIF(SAISIE!$K$2:$K$300,">"&2),0,INDIRECT(ADDRESS(SMALL(SAISIE!$K$2:$K$300,ROW()-2),MATCH(E$1,SAISIE!$A$1:$H$1,0),4,1,"SAISIE"),1)) -> 0 | F300: =+F299+E300 -> 1000

Sheet CIC LIVRET
A1: Date | B1: Chèque n° | C1: Désignation de l'opération | D1: Relevé Banque | E1: Montant | F1: Solde
C2: Report saison 2018/2019 | F2: 1000
A3: =IF(ROW()-2>COUNTIF(SAISIE!$L$2:$L$300,">"&2),"",INDIRECT(ADDRESS(SMALL(SAISIE!$L$2:$L$300,ROW()-2),MATCH(A$1,SAISIE!$A$1:$H$1,0),4,1,"SAISIE"),1)) -> 43710 | C3: =IF(ROW()-2>COUNTIF(SAISIE!$L$2:$L$300,">"&2),"",INDIRECT(ADDRESS(SMALL(SAISIE!$L$2:$L$300,ROW()-2),MATCH(C$1,SAISIE!$A$1:$H$1,0),4,1,"SAISIE"),1)) -> Virt au Cpte Courant | D3: =IF(ROW()-2>COUNTIF(SAISIE!$L$2:$L$300,">"&2),"",INDIRECT(ADDRESS(SMALL(SAISIE!$L$2:$L$300,ROW()-2),MATCH(D$1,SAISIE!$A$1:$H$1,0),4,1,"SAISIE"),1)) -> 1909 | E3: =IF(ROW()-2>COUNTIF(SAISIE!$L$2:$L$300,">"&2),0,INDIRECT(ADDRESS(SMALL(SAISIE!$L$2:$L$300,ROW()-2),MATCH(E$1,SAISIE!$A$1:$H$1,0),4,1,"SAISIE"),1)) -> 0 | F3: =+F2+E3 -> 1000
A4: =IF(ROW()-2>COUNTIF(SAISIE!$L$2:$L$300,">"&2),"",INDIRECT(ADDRESS(SMALL(SAISIE!$L$2:$L$300,ROW()-2),MATCH(A$1,SAISIE!$A$1:$H$1,0),4,1,"SAISIE"),1)) -> 43720 | C4: =IF(ROW()-2>COUNTIF(SAISIE!$L$2:$L$300,">"&2),"",INDIRECT(ADDRESS(SMALL(SAISIE!$L$2:$L$300,ROW()-2),MATCH(C$1,SAISIE!$A$1:$H$1,0),4,1,"SAISIE"),1)) -> Virt au Cpte Courant | D4: =IF(ROW()-2>COUNTIF(SAISIE!$L$2:$L$300,">"&2),"",INDIRECT(ADDRESS(SMALL(SAISIE!$L$2:$L$300,ROW()-2),MATCH(D$1,SAISIE!$A$1:$H$1,0),4,1,"SAISIE"),1)) -> 1909 | E4: =IF(ROW()-2>COUNTIF(SAISIE!$L$2:$L$300,">"&2),0,INDIRECT(ADDRESS(SMALL(SAISIE!$L$2:$L$300,ROW()-2),MATCH(E$1,SAISIE!$A$1:$H$1,0),4,1,"SAISIE"),1)) -> 0 | F4: =+F3+E4 -> 1000
A5: =IF(ROW()-2>COUNTIF(SAISIE!$L$2:$L$300,">"&2),"",INDIRECT(ADDRESS(SMALL(SAISIE!$L$2:$L$300,ROW()-2),MATCH(A$1,SAISIE!$A$1:$H$1,0),4,1,"SAISIE"),1)) -> 43725 | C5: =IF(ROW()-2>COUNTIF(SAISIE!$L$2:$L$300,">"&2),"",INDIRECT(ADDRESS(SMALL(SAISIE!$L$2:$L$300,ROW()-2),MATCH(C$1,SAISIE!$A$1:$H$1,0),4,1,"SAISIE"),1)) -> Virt au Cpte Courant | D5: =IF(ROW()-2>COUNTIF(SAISIE!$L$2:$L$300,">"&2),"",INDIRECT(ADDRESS(SMALL(SAISIE!$L$2:$L$300,ROW()-2),MATCH(D$1,SAISIE!$A$1:$H$1,0),4,1,"SAISIE"),1)) -> 1909 | E5: =IF(ROW()-2>COUNTIF(SAISIE!$L$2:$L$300,">"&2),0,INDIRECT(ADDRESS(SMALL(SAISIE!$L$2:$L$300,ROW()-2),MATCH(E$1,SAISIE!$A$1:$H$1,0),4,1,"SAISIE"),1)) -> 0 | F5: =+F4+E5 -> 1000
A6: =IF(ROW()-2>COUNTIF(SAISIE!$L$2:$L$300,">"&2),"",INDIRECT(ADDRESS(SMALL(SAISIE!$L$2:$L$300,ROW()-2),MATCH(A$1,SAISIE!$A$1:$H$1,0),4,1,"SAISIE"),1)) | C6: =IF(ROW()-2>COUNTIF(SAISIE!$L$2:$L$300,">"&2),"",INDIRECT(ADDRESS(SMALL(SAISIE!$L$2:$L$300,ROW()-2),MATCH(C$1,SAISIE!$A$1:$H$1,0),4,1,"SAISIE"),1)) | D6: =IF(ROW()-2>COUNTIF(SAISIE!$L$2:$L$300,">"&2),"",INDIRECT(ADDRESS(SMALL(SAISIE!$L$2:$L$300,ROW()-2),MATCH(D$1,SAISIE!$A$1:$H$1,0),4,1,"SAISIE"),1)) | E6: =IF(ROW()-2>COUNTIF(SAISIE!$L$2:$L$300,">"&2),0,INDIRECT(ADDRESS(SMALL(SAISIE!$L$2:$L$300,ROW()-2),MATCH(E$1,SAISIE!$A$1:$H$1,0),4,1,"SAISIE"),1)) -> 0 | F6: =+F5+E6 -> 1000
A7: =IF(ROW()-2>COUNTIF(SAISIE!$L$2:$L$300,">"&2),"",INDIRECT(ADDRESS(SMALL(SAISIE!$L$2:$L$300,ROW()-2),MATCH(A$1,SAISIE!$A$1:$H$1,0),4,1,"SAISIE"),1)) | C7: =IF(ROW()-2>COUNTIF(SAISIE!$L$2:$L$300,">"&2),"",INDIRECT(ADDRESS(SMALL(SAISIE!$L$2:$L$300,ROW()-2),MATCH(C$1,SAISIE!$A$1:$H$1,0),4,1,"SAISIE"),1)) | D7: =IF(ROW()-2>COUNTIF(SAISIE!$L$2:$L$300,">"&2),"",INDIRECT(ADDRESS(SMALL(SAISIE!$L$2:$L$300,ROW()-2),MATCH(D$1,SAISIE!$A$1:$H$1,0),4,1,"SAISIE"),1)) | E7: =IF(ROW()-2>COUNTIF(SAISIE!$L$2:$L$300,">"&2),0,INDIRECT(ADDRESS(SMALL(SAISIE!$L$2:$L$300,ROW()-2),MATCH(E$1,SAISIE!$A$1:$H$1,0),4,1,"SAISIE"),1)) -> 0 | F7: =+F6+E7 -> 1000
A8: =IF(ROW()-2>COUNTIF(SAISIE!$L$2:$L$300,">"&2),"",INDIRECT(ADDRESS(SMALL(SAISIE!$L$2:$L$300,ROW()-2),MATCH(A$1,SAISIE!$A$1:$H$1,0),4,1,"SAISIE"),1)) | C8: =IF(ROW()-2>COUNTIF(SAISIE!$L$2:$L$300,">"&2),"",INDIRECT(ADDRESS(SMALL(SAISIE!$L$2:$L$300,ROW()-2),MATCH(C$1,SAISIE!$A$1:$H$1,0),4,1,"SAISIE"),1)) | D8: =IF(ROW()-2>COUNTIF(SAISIE!$L$2:$L$300,">"&2),"",INDIRECT(ADDRESS(SMALL(SAISIE!$L$2:$L$300,ROW()-2),MATCH(D$1,SAISIE!$A$1:$H$1,0),4,1,"SAISIE"),1)) | E8: =IF(ROW()-2>COUNTIF(SAISIE!$L$2:$L$300,">"&2),0,INDIRECT(ADDRESS(SMALL(SAISIE!$L$2:$L$300,ROW()-2),MATCH(E$1,SAISIE!$A$1:$H$1,0),4,1,"SAISIE"),1)) -> 0 | F8: =+F7+E8 -> 1000
A9: =IF(ROW()-2>COUNTIF(SAISIE!$L$2:$L$300,">"&2),"",INDIRECT(ADDRESS(SMALL(SAISIE!$L$2:$L$300,ROW()-2),MATCH(A$1,SAISIE!$A$1:$H$1,0),4,1,"SAISIE"),1)) | C9: =IF(ROW()-2>COUNTIF(SAISIE!$L$2:$L$300,">"&2),"",INDIRECT(ADDRESS(SMALL(SAISIE!$L$2:$L$300,ROW()-2),MATCH(C$1,SAISIE!$A$1:$H$1,0),4,1,"SAISIE"),1)) | D9: =IF(ROW()-2>COUNTIF(SAISIE!$L$2:$L$300,">"&2),"",INDIRECT(ADDRESS(SMALL(SAISIE!$L$2:$L$300,ROW()-2),MATCH(D$1,SAISIE!$A$1:$H$1,0),4,1,"SAISIE"),1)) | E9: =IF(ROW()-2>COUNTIF(SAISIE!$L$2:$L$300,">"&2),0,INDIRECT(ADDRESS(SMALL(SAISIE!$L$2:$L$300,ROW()-2),MATCH(E$1,SAISIE!$A$1:$H$1,0),4,1,"SAISIE"),1)) -> 0 | F9: =+F8+E9 -> 1000
A10: =IF(ROW()-2>COUNTIF(SAISIE!$L$2:$L$300,">"&2),"",INDIRECT(ADDRESS(SMALL(SAISIE!$L$2:$L$300,ROW()-2),MATCH(A$1,SAISIE!$A$1:$H$1,0),4,1,"SAISIE"),1)) | C10: =IF(ROW()-2>COUNTIF(SAISIE!$L$2:$L$300,">"&2),"",INDIRECT(ADDRESS(SMALL(SAISIE!$L$2:$L$300,ROW()-2),MATCH(C$1,SAISIE!$A$1:$H$1,0),4,1,"SAISIE"),1)) | D10: =IF(ROW()-2>COUNTIF(SAISIE!$L$2:$L$300,">"&2),"",INDIRECT(ADDRESS(SMALL(SAISIE!$L$2:$L$300,ROW()-2),MATCH(D$1,SAISIE!$A$1:$H$1,0),4,1,"SAISIE"),1)) | E10: =IF(ROW()-2>COUNTIF(SAISIE!$L$2:$L$300,">"&2),0,INDIRECT(ADDRESS(SMALL(SAISIE!$L$2:$L$300,ROW()-2),MATCH(E$1,SAISIE!$A$1:$H$1,0),4,1,"SAISIE"),1)) -> 0 | F10: =+F9+E10 -> 1000
A11: =IF(ROW()-2>COUNTIF(SAISIE!$L$2:$L$300,">"&2),"",INDIRECT(ADDRESS(SMALL(SAISIE!$L$2:$L$300,ROW()-2),MATCH(A$1,SAISIE!$A$1:$H$1,0),4,1,"SAISIE"),1)) | C11: =IF(ROW()-2>COUNTIF(SAISIE!$L$2:$L$300,">"&2),"",INDIRECT(ADDRESS(SMALL(SAISIE!$L$2:$L$300,ROW()-2),MATCH(C$1,SAISIE!$A$1:$H$1,0),4,1,"SAISIE"),1)) | D11: =IF(ROW()-2>COUNTIF(SAISIE!$L$2:$L$300,">"&2),"",INDIRECT(ADDRESS(SMALL(SAISIE!$L$2:$L$300,ROW()-2),MATCH(D$1,SAISIE!$A$1:$H$1,0),4,1,"SAISIE"),1)) | E11: =IF(ROW()-2>COUNTIF(SAISIE!$L$2:$L$300,">"&2),0,INDIRECT(ADDRESS(SMALL(SAISIE!$L$2:$L$300,ROW()-2),MATCH(E$1,SAISIE!$A$1:$H$1,0),4,1,"SAISIE"),1)) -> 0 | F11: =+F10+E11 -> 1000
A12: =IF(ROW()-2>COUNTIF(SAISIE!$L$2:$L$300,">"&2),"",INDIRECT(ADDRESS(SMALL(SAISIE!$L$2:$L$300,ROW()-2),MATCH(A$1,SAISIE!$A$1:$H$1,0),4,1,"SAISIE"),1)) | C12: =IF(ROW()-2>COUNTIF(SAISIE!$L$2:$L$300,">"&2),"",INDIRECT(ADDRESS(SMALL(SAISIE!$L$2:$L$300,ROW()-2),MATCH(C$1,SAISIE!$A$1:$H$1,0),4,1,"SAISIE"),1)) | D12: =IF(ROW()-2>COUNTIF(SAISIE!$L$2:$L$300,">"&2),"",INDIRECT(ADDRESS(SMALL(SAISIE!$L$2:$L$300,ROW()-2),MATCH(D$1,SAISIE!$A$1:$H$1,0),4,1,"SAISIE"),1)) | E12: =IF(ROW()-2>COUNTIF(SAISIE!$L$2:$L$300,">"&2),0,INDIRECT(ADDRESS(SMALL(SAISIE!$L$2:$L$300,ROW()-2),MATCH(E$1,SAISIE!$A$1:$H$1,0),4,1,"SAISIE"),1)) -> 0 | F12: =+F11+E12 -> 1000
A13: =IF(ROW()-2>COUNTIF(SAISIE!$L$2:$L$300,">"&2),"",INDIRECT(ADDRESS(SMALL(SAISIE!$L$2:$L$300,ROW()-2),MATCH(A$1,SAISIE!$A$1:$H$1,0),4,1,"SAISIE"),1)) | C13: =IF(ROW()-2>COUNTIF(SAISIE!$L$2:$L$300,">"&2),"",INDIRECT(ADDRESS(SMALL(SAISIE!$L$2:$L$300,ROW()-2),MATCH(C$1,SAISIE!$A$1:$H$1,0),4,1,"SAISIE"),1)) | D13: =IF(ROW()-2>COUNTIF(SAISIE!$L$2:$L$300,">"&2),"",INDIRECT(ADDRESS(SMALL(SAISIE!$L$2:$L$300,ROW()-2),MATCH(D$1,SAISIE!$A$1:$H$1,0),4,1,"SAISIE"),1)) | E13: =IF(ROW()-2>COUNTIF(SAISIE!$L$2:$L$300,">"&2),0,INDIRECT(ADDRESS(SMALL(SAISIE!$L$2:$L$300,ROW()-2),MATCH(E$1,SAISIE!$A$1:$H$1,0),4,1,"SAISIE"),1)) -> 0 | F13: =+F12+E13 -> 1000
A14: =IF(ROW()-2>COUNTIF(SAISIE!$L$2:$L$300,">"&2),"",INDIRECT(ADDRESS(SMALL(SAISIE!$L$2:$L$300,ROW()-2),MATCH(A$1,SAISIE!$A$1:$H$1,0),4,1,"SAISIE"),1)) | C14: =IF(ROW()-2>COUNTIF(SAISIE!$L$2:$L$300,">"&2),"",INDIRECT(ADDRESS(SMALL(SAISIE!$L$2:$L$300,ROW()-2),MATCH(C$1,SAISIE!$A$1:$H$1,0),4,1,"SAISIE"),1)) | D14: =IF(ROW()-2>COUNTIF(SAISIE!$L$2:$L$300,">"&2),"",INDIRECT(ADDRESS(SMALL(SAISIE!$L$2:$L$300,ROW()-2),MATCH(D$1,SAISIE!$A$1:$H$1,0),4,1,"SAISIE"),1)) | E14: =IF(ROW()-2>COUNTIF(SAISIE!$L$2:$L$300,">"&2),0,INDIRECT(ADDRESS(SMALL(SAISIE!$L$2:$L$300,ROW()-2),MATCH(E$1,SAISIE!$A$1:$H$1,0),4,1,"SAISIE"),1)) -> 0 | F14: =+F13+E14 -> 1000
... A96: =IF(ROW()-2>COUNTIF(SAISIE!$L$2:$L$300,">"&2),"",INDIRECT(ADDRESS(SMALL(SAISIE!$L$2:$L$300,ROW()-2),MATCH(A$1,SAISIE!$A$1:$H$1,0),4,1,"SAISIE"),1)) | C96: =IF(ROW()-2>COUNTIF(SAISIE!$L$2:$L$300,">"&2),"",INDIRECT(ADDRESS(SMALL(SAISIE!$L$2:$L$300,ROW()-2),MATCH(C$1,SAISIE!$A$1:$H$1,0),4,1,"SAISIE"),1)) | D96: =IF(ROW()-2>COUNTIF(SAISIE!$L$2:$L$300,">"&2),"",INDIRECT(ADDRESS(SMALL(SAISIE!$L$2:$L$300,ROW()-2),MATCH(D$1,SAISIE!$A$1:$H$1,0),4,1,"SAISIE"),1)) | E96: =IF(ROW()-2>COUNTIF(SAISIE!$L$2:$L$300,">"&2),0,INDIRECT(ADDRESS(SMALL(SAISIE!$L$2:$L$300,ROW()-2),MATCH(E$1,SAISIE!$A$1:$H$1,0),4,1,"SAISIE"),1)) -> 0 | F96: =+F95+E96 -> 1000
A97: =IF(ROW()-2>COUNTIF(SAISIE!$L$2:$L$300,">"&2),"",INDIRECT(ADDRESS(SMALL(SAISIE!$L$2:$L$300,ROW()-2),MATCH(A$1,SAISIE!$A$1:$H$1,0),4,1,"SAISIE"),1)) | C97: =IF(ROW()-2>COUNTIF(SAISIE!$L$2:$L$300,">"&2),"",INDIRECT(ADDRESS(SMALL(SAISIE!$L$2:$L$300,ROW()-2),MATCH(C$1,SAISIE!$A$1:$H$1,0),4,1,"SAISIE"),1)) | D97: =IF(ROW()-2>COUNTIF(SAISIE!$L$2:$L$300,">"&2),"",INDIRECT(ADDRESS(SMALL(SAISIE!$L$2:$L$300,ROW()-2),MATCH(D$1,SAISIE!$A$1:$H$1,0),4,1,"SAISIE"),1)) | E97: =IF(ROW()-2>COUNTIF(SAISIE!$L$2:$L$300,">"&2),0,INDIRECT(ADDRESS(SMALL(SAISIE!$L$2:$L$300,ROW()-2),MATCH(E$1,SAISIE!$A$1:$H$1,0),4,1,"SAISIE"),1)) -> 0
A98: =IF(ROW()-2>COUNTIF(SAISIE!$L$2:$L$300,">"&2),"",INDIRECT(ADDRESS(SMALL(SAISIE!$L$2:$L$300,ROW()-2),MATCH(A$1,SAISIE!$A$1:$H$1,0),4,1,"SAISIE"),1)) | C98: =IF(ROW()-2>COUNTIF(SAISIE!$L$2:$L$300,">"&2),"",INDIRECT(ADDRESS(SMALL(SAISIE!$L$2:$L$300,ROW()-2),MATCH(C$1,SAISIE!$A$1:$H$1,0),4,1,"SAISIE"),1)) | D98: =IF(ROW()-2>COUNTIF(SAISIE!$L$2:$L$300,">"&2),"",INDIRECT(ADDRESS(SMALL(SAISIE!$L$2:$L$300,ROW()-2),MATCH(D$1,SAISIE!$A$1:$H$1,0),4,1,"SAISIE"),1)) | E98: =IF(ROW()-2>COUNTIF(SAISIE!$L$2:$L$300,">"&2),0,INDIRECT(ADDRESS(SMALL(SAISIE!$L$2:$L$300,ROW()-2),MATCH(E$1,SAISIE!$A$1:$H$1,0),4,1,"SAISIE"),1)) -> 0
A99: =IF(ROW()-2>COUNTIF(SAISIE!$L$2:$L$300,">"&2),"",INDIRECT(ADDRESS(SMALL(SAISIE!$L$2:$L$300,ROW()-2),MATCH(A$1,SAISIE!$A$1:$H$1,0),4,1,"SAISIE"),1)) | C99: =IF(ROW()-2>COUNTIF(SAISIE!$L$2:$L$300,">"&2),"",INDIRECT(ADDRESS(SMALL(SAISIE!$L$2:$L$300,ROW()-2),MATCH(C$1,SAISIE!$A$1:$H$1,0),4,1,"SAISIE"),1)) | D99: =IF(ROW()-2>COUNTIF(SAISIE!$L$2:$L$300,">"&2),"",INDIRECT(ADDRESS(SMALL(SAISIE!$L$2:$L$300,ROW()-2),MATCH(D$1,SAISIE!$A$1:$H$1,0),4,1,"SAISIE"),1)) | E99: =IF(ROW()-2>COUNTIF(SAISIE!$L$2:$L$300,">"&2),0,INDIRECT(ADDRESS(SMALL(SAISIE!$L$2:$L$300,ROW()-2),MATCH(E$1,SAISIE!$A$1:$H$1,0),4,1,"SAISIE"),1)) -> 0
A100: =IF(ROW()-2>COUNTIF(SAISIE!$L$2:$L$300,">"&2),"",INDIRECT(ADDRESS(SMALL(SAISIE!$L$2:$L$300,ROW()-2),MATCH(A$1,SAISIE!$A$1:$H$1,0),4,1,"SAISIE"),1)) | C100: =IF(ROW()-2>COUNTIF(SAISIE!$L$2:$L$300,">"&2),"",INDIRECT(ADDRESS(SMALL(SAISIE!$L$2:$L$300,ROW()-2),MATCH(C$1,SAISIE!$A$1:$H$1,0),4,1,"SAISIE"),1)) | D100: =IF(ROW()-2>COUNTIF(SAISIE!$L$2:$L$300,">"&2),"",INDIRECT(ADDRESS(SMALL(SAISIE!$L$2:$L$300,ROW()-2),MATCH(D$1,SAISIE!$A$1:$H$1,0),4,1,"SAISIE"),1)) | E100: =IF(ROW()-2>COUNTIF(SAISIE!$L$2:$L$300,">"&2),0,INDIRECT(ADDRESS(SMALL(SAISIE!$L$2:$L$300,ROW()-2),MATCH(E$1,SAISIE!$A$1:$H$1,0),4,1,"SAISIE"),1)) -> 0
A101: =IF(ROW()-2>COUNTIF(SAISIE!$L$2:$L$300,">"&2),"",INDIRECT(ADDRESS(SMALL(SAISIE!$L$2:$L$300,ROW()-2),MATCH(A$1,SAISIE!$A$1:$H$1,0),4,1,"SAISIE"),1)) | C101: =IF(ROW()-2>COUNTIF(SAISIE!$L$2:$L$300,">"&2),"",INDIRECT(ADDRESS(SMALL(SAISIE!$L$2:$L$300,ROW()-2),MATCH(C$1,SAISIE!$A$1:$H$1,0),4,1,"SAISIE"),1)) | D101: =IF(ROW()-2>COUNTIF(SAISIE!$L$2:$L$300,">"&2),"",INDIRECT(ADDRESS(SMALL(SAISIE!$L$2:$L$300,ROW()-2),MATCH(D$1,SAISIE!$A$1:$H$1,0),4,1,"SAISIE"),1)) | E101: =IF(ROW()-2>COUNTIF(SAISIE!$L$2:$L$300,">"&2),0,INDIRECT(ADDRESS(SMALL(SAISIE!$L$2:$L$300,ROW()-2),MATCH(E$1,SAISIE!$A$1:$H$1,0),4,1,"SAISIE"),1)) -> 0
A102: =IF(ROW()-2>COUNTIF(SAISIE!$L$2:$L$300,">"&2),"",INDIRECT(ADDRESS(SMALL(SAISIE!$L$2:$L$300,ROW()-2),MATCH(A$1,SAISIE!$A$1:$H$1,0),4,1,"SAISIE"),1)) | C102: =IF(ROW()-2>COUNTIF(SAISIE!$L$2:$L$300,">"&2),"",INDIRECT(ADDRESS(SMALL(SAISIE!$L$2:$L$300,ROW()-2),MATCH(C$1,SAISIE!$A$1:$H$1,0),4,1,"SAISIE"),1)) | D102: =IF(ROW()-2>COUNTIF(SAISIE!$L$2:$L$300,">"&2),"",INDIRECT(ADDRESS(SMALL(SAISIE!$L$2:$L$300,ROW()-2),MATCH(D$1,SAISIE!$A$1:$H$1,0),4,1,"SAISIE"),1)) | E102: =IF(ROW()-2>COUNTIF(SAISIE!$L$2:$L$300,">"&2),0,INDIRECT(ADDRESS(SMALL(SAISIE!$L$2:$L$300,ROW()-2),MATCH(E$1,SAISIE!$A$1:$H$1,0),4,1,"SAISIE"),1)) -> 0
A103: =IF(ROW()-2>COUNTIF(SAISIE!$L$2:$L$300,">"&2),"",INDIRECT(ADDRESS(SMALL(SAISIE!$L$2:$L$300,ROW()-2),MATCH(A$1,SAISIE!$A$1:$H$1,0),4,1,"SAISIE"),1)) | C103: =IF(ROW()-2>COUNTIF(SAISIE!$L$2:$L$300,">"&2),"",INDIRECT(ADDRESS(SMALL(SAISIE!$L$2:$L$300,ROW()-2),MATCH(C$1,SAISIE!$A$1:$H$1,0),4,1,"SAISIE"),1)) | D103: =IF(ROW()-2>COUNTIF(SAISIE!$L$2:$L$300,">"&2),"",INDIRECT(ADDRESS(SMALL(SAISIE!$L$2:$L$300,ROW()-2),MATCH(D$1,SAISIE!$A$1:$H$1,0),4,1,"SAISIE"),1)) | E103: =IF(ROW()-2>COUNTIF(SAISIE!$L$2:$L$300,">"&2),0,INDIRECT(ADDRESS(SMALL(SAISIE!$L$2:$L$300,ROW()-2),MATCH(E$1,SAISIE!$A$1:$H$1,0),4,1,"SAISIE"),1)) -> 0
A104: =IF(ROW()-2>COUNTIF(SAISIE!$L$2:$L$300,">"&2),"",INDIRECT(ADDRESS(SMALL(SAISIE!$L$2:$L$300,ROW()-2),MATCH(A$1,SAISIE!$A$1:$H$1,0),4,1,"SAISIE"),1)) | C104: =IF(ROW()-2>COUNTIF(SAISIE!$L$2:$L$300,">"&2),"",INDIRECT(ADDRESS(SMALL(SAISIE!$L$2:$L$300,ROW()-2),MATCH(C$1,SAISIE!$A$1:$H$1,0),4,1,"SAISIE"),1)) | D104: =IF(ROW()-2>COUNTIF(SAISIE!$L$2:$L$300,">"&2),"",INDIRECT(ADDRESS(SMALL(SAISIE!$L$2:$L$300,ROW()-2),MATCH(D$1,SAISIE!$A$1:$H$1,0),4,1,"SAISIE"),1)) | E104: =IF(ROW()-2>COUNTIF(SAISIE!$L$2:$L$300,">"&2),0,INDIRECT(ADDRESS(SMALL(SAISIE!$L$2:$L$300,ROW()-2),MATCH(E$1,SAISIE!$A$1:$H$1,0),4,1,"SAISIE"),1)) -> 0
A105: =IF(ROW()-2>COUNTIF(SAISIE!$L$2:$L$300,">"&2),"",INDIRECT(ADDRESS(SMALL(SAISIE!$L$2:$L$300,ROW()-2),MATCH(A$1,SAISIE!$A$1:$H$1,0),4,1,"SAISIE"),1)) | C105: =IF(ROW()-2>COUNTIF(SAISIE!$L$2:$L$300,">"&2),"",INDIRECT(ADDRESS(SMALL(SAISIE!$L$2:$L$300,ROW()-2),MATCH(C$1,SAISIE!$A$1:$H$1,0),4,1,"SAISIE"),1)) | D105: =IF(ROW()-2>COUNTIF(SAISIE!$L$2:$L$300,">"&2),"",INDIRECT(ADDRESS(SMALL(SAISIE!$L$2:$L$300,ROW()-2),MATCH(D$1,SAISIE!$A$1:$H$1,0),4,1,"SAISIE"),1)) | E105: =IF(ROW()-2>COUNTIF(SAISIE!$L$2:$L$300,">"&2),0,INDIRECT(ADDRESS(SMALL(SAISIE!$L$2:$L$300,ROW()-2),MATCH(E$1,SAISIE!$A$1:$H$1,0),4,1,"SAISIE"),1)) -> 0
A106: =IF(ROW()-2>COUNTIF(SAISIE!$L$2:$L$300,">"&2),"",INDIRECT(ADDRESS(SMALL(SAISIE!$L$2:$L$300,ROW()-2),MATCH(A$1,SAISIE!$A$1:$H$1,0),4,1,"SAISIE"),1)) | C106: =IF(ROW()-2>COUNTIF(SAISIE!$L$2:$L$300,">"&2),"",INDIRECT(ADDRESS(SMALL(SAISIE!$L$2:$L$300,ROW()-2),MATCH(C$1,SAISIE!$A$1:$H$1,0),4,1,"SAISIE"),1)) | D106: =IF(ROW()-2>COUNTIF(SAISIE!$L$2:$L$300,">"&2),"",INDIRECT(ADDRESS(SMALL(SAISIE!$L$2:$L$300,ROW()-2),MATCH(D$1,SAISIE!$A$1:$H$1,0),4,1,"SAISIE"),1)) | E106: =IF(ROW()-2>COUNTIF(SAISIE!$L$2:$L$300,">"&2),0,INDIRECT(ADDRESS(SMALL(SAISIE!$L$2:$L$300,ROW()-2),MATCH(E$1,SAISIE!$A$1:$H$1,0),4,1,"SAISIE"),1)) -> 0
A107: =IF(ROW()-2>COUNTIF(SAISIE!$L$2:$L$300,">"&2),"",INDIRECT(ADDRESS(SMALL(SAISIE!$L$2:$L$300,ROW()-2),MATCH(A$1,SAISIE!$A$1:$H$1,0),4,1,"SAISIE"),1)) | C107: =IF(ROW()-2>COUNTIF(SAISIE!$L$2:$L$300,">"&2),"",INDIRECT(ADDRESS(SMALL(SAISIE!$L$2:$L$300,ROW()-2),MATCH(C$1,SAISIE!$A$1:$H$1,0),4,1,"SAISIE"),1)) | D107: =IF(ROW()-2>COUNTIF(SAISIE!$L$2:$L$300,">"&2),"",INDIRECT(ADDRESS(SMALL(SAISIE!$L$2:$L$300,ROW()-2),MATCH(D$1,SAISIE!$A$1:$H$1,0),4,1,"SAISIE"),1)) | E107: =IF(ROW()-2>COUNTIF(SAISIE!$L$2:$L$300,">"&2),0,INDIRECT(ADDRESS(SMALL(SAISIE!$L$2:$L$300,ROW()-2),MATCH(E$1,SAISIE!$A$1:$H$1,0),4,1,"SAISIE"),1)) -> 0
A108: =IF(ROW()-2>COUNTIF(SAISIE!$L$2:$L$300,">"&2),"",INDIRECT(ADDRESS(SMALL(SAISIE!$L$2:$L$300,ROW()-2),MATCH(A$1,SAISIE!$A$1:$H$1,0),4,1,"SAISIE"),1)) | C108: =IF(ROW()-2>COUNTIF(SAISIE!$L$2:$L$300,">"&2),"",INDIRECT(ADDRESS(SMALL(SAISIE!$L$2:$L$300,ROW()-2),MATCH(C$1,SAISIE!$A$1:$H$1,0),4,1,"SAISIE"),1)) | D108: =IF(ROW()-2>COUNTIF(SAISIE!$L$2:$L$300,">"&2),"",INDIRECT(ADDRESS(SMALL(SAISIE!$L$2:$L$300,ROW()-2),MATCH(D$1,SAISIE!$A$1:$H$1,0),4,1,"SAISIE"),1)) | E108: =IF(ROW()-2>COUNTIF(SAISIE!$L$2:$L$300,">"&2),0,INDIRECT(ADDRESS(SMALL(SAISIE!$L$2:$L$300,ROW()-2),MATCH(E$1,SAISIE!$A$1:$H$1,0),4,1,"SAISIE"),1)) -> 0
... A300: =IF(ROW()-2>COUNTIF(SAISIE!$L$2:$L$300,">"&2),"",INDIRECT(ADDRESS(SMALL(SAISIE!$L$2:$L$300,ROW()-2),MATCH(A$1,SAISIE!$A$1:$H$1,0),4,1,"SAISIE"),1)) | C300: =IF(ROW()-2>COUNTIF(SAISIE!$L$2:$L$300,">"&2),"",INDIRECT(ADDRESS(SMALL(SAISIE!$L$2:$L$300,ROW()-2),MATCH(C$1,SAISIE!$A$1:$H$1,0),4,1,"SAISIE"),1)) | D300: =IF(ROW()-2>COUNTIF(SAISIE!$L$2:$L$300,">"&2),"",INDIRECT(ADDRESS(SMALL(SAISIE!$L$2:$L$300,ROW()-2),MATCH(D$1,SAISIE!$A$1:$H$1,0),4,1,"SAISIE"),1)) | E300: =IF(ROW()-2>COUNTIF(SAISIE!$L$2:$L$300,">"&2),0,INDIRECT(ADDRESS(SMALL(SAISIE!$L$2:$L$300,ROW()-2),MATCH(E$1,SAISIE!$A$1:$H$1,0),4,1,"SAISIE"),1)) -> 0

Sheet Ventilation par compte
A1: Compte | B1: Date | C1: Section | D1: Désignation de l'opération | E1: Montant
A2: 421000
A8: 421000 | D8: somme =>
A10: 428200
A16: 428200 | D16: somme =>
